 Dungeon Crawl Stone Soup version 0.19.5 (console) character file.

170 lanroth the Skirmisher (level 5, 0/47 HPs)
             Began as a Hill Orc Fighter on Mar 8, 2017.
             Killed from afar by an orc wizard (3 damage)
             ... with a puff of frost
             ... on level 3 of the Dungeon.
             The game lasted 00:10:31 (1827 turns).

lanroth the Skirmisher (Hill Orc Fighter)           Turns: 1827, Time: 00:10:32

Health: 0/47       AC:  8    Str: 19    XL:     5   Next: 50%
Magic:  14/14      EV:  7    Int:  8    God:
Gold:   123        SH:  9    Dex: 11    Spells: 0 memorised, 4 levels left

rFire  . . .     SeeInvis +     r - +2 hand axe (vamp)
rCold  . . .     Gourm    .     b - +0 scale mail
rNeg   . . .     Faith    .     p - +0 shield
rPois  .         Spirit   .     (no helmet)
rElec  .         Reflect  .     (no cloak)
rCorr  .         Harm     .     (no gloves)
MR     .....                    l - +0 pair of boots
Stlth  ..........               (no amulet)
                                u - ring of magical power
                                t - ring of see invisible

@: no status effects
A: no striking features
a: no special abilities


You were on level 3 of the Dungeon.
You were not hungry.

You visited 1 branch of the dungeon, and saw 3 of its levels.

You collected 123 gold pieces.

Inventory:

Hand Weapons
 a - a +0 flail
 r - a +2 vampiric hand axe (weapon)
Missiles
 k - 19 stones (quivered)
Armour
 b - a +0 scale mail (worn)
 l - a +0 pair of boots (worn)
 p - a +0 shield (worn)
Jewellery
 t - a ring of see invisible (left hand)
 u - a ring of magical power (right hand)
Scrolls
 e - a scroll of fear {unknown}
 n - a scroll of recharging {unknown}
 o - 2 scrolls of enchant weapon {unknown}
 s - 5 scrolls of identify {unknown}
Potions
 d - a potion of might
 g - a potion of haste
 m - a potion of heal wounds
 q - a potion of lignification {unknown}
Comestibles
 f - a bread ration
 h - a chunk of flesh


   Skills:
 + Level 4.4 Fighting
 + Level 1.1(3.1) Axes
 + Level 3.7(3.8) Maces & Flails
 + Level 0.1 Throwing
 + Level 4.0 Armour
 + Level 0.8 Dodging
 + Level 4.2 Shields


You had 4 spell levels left.
You didn't know any spells.

Dungeon Overview and Level Annotations

Branches:
Dungeon (3/15)

Altars:


Message History

The orc wizard hits you but does no damage.
The gnoll hits you from afar with a spear.
You hit the orc wizard.
The orc wizard is heavily wounded.
The orc wizard hits you but does no damage.
You block the gnoll's attack. The orc wizard barely misses you.
You hit the orc wizard.
You feel better.
The orc wizard is almost dead.
You block the gnoll's attack.
The orc wizard gestures at you while chanting.
The magic dart hits you!
* * * LOW HITPOINT WARNING * * *
The gnoll hits you but does no damage.
The orc wizard looks encouraged for a moment.
The orc wizard casts a spell at you. The puff of flame hits you!
* * * LOW HITPOINT WARNING * * *
The orc wizard casts a spell at you. The puff of frost hits you!
You die...

###### #....# #....#################### ###
#.......................# #..
#)...##################.####### #.# #........[..#
#.............# #.#
########'#.#####.#####.#####.#####.####.#####.###
........................>....#.)[)........†.....#
........##.######.####.#######..######.######.###
#######.##.#.........#.......#.)...............
#.##.#.####.##.#######.#...#####.######.# #..#.#
#.##.........#.........#.# ##.#.#
###.############..........<# #.#.# #...wgo.o..#
#..<[..####### #.#.#
#.#g######g#####@#........... #####.#.# #.#
#ogo......##.####### +.......# #o#
#.w######.##...# #####...# #g# #..# #.##.###
#...######g######..# #.##.# #
#.#..........o.....# #....#
....#..#####g####.#..# ######
#...........g...#.#... ######.##.....#.# ....
#..#g##..# # ##.#g##..# #.g.##..######.. .
##.............. ...##.g#..#######.# .......g...#
....###..#.# #+######(#.# #....g.((#.#
########(.(# #......(..# #..#..#.#.# #.......#
#.##....# .. .....# +#. ...#.# .###..###


You could see a worm, an orc wizard, a gnoll and an orc.

Vanquished Creatures
  2 orc wizards (D:3)
  7 adders
  An ooze (D:3)
  A worm (D:2)
  2 dart slugs (D:1)
  2 leopard geckos (D:2)
  3 orcs (D:3)
  10 bats
  7 goblins
  6 hobgoblins
  2 frilled lizards (D:1)
  2 kobolds (D:1)
  11 rats
56 creatures vanquished.

Notes
Turn   | Place    | Note
-------+----------+-------------------------------------------
     0 | D:1      | lanroth the Hill Orc Fighter began the quest for the Orb.
     0 | D:1      | Reached XP level 1. HP: 19/19 MP: 1/1
   127 | D:1      | Reached XP level 2. HP: 20/27 MP: 2/2
   335 | D:1      | Reached XP level 3. HP: 26/33 MP: 3/3
   859 | D:2      | Reached XP level 4. HP: 9/40 MP: 4/4
  1588 | D:3      | HP: 1/40 [orc wizard/magic dart (8)]
  1600 | D:3      | Reached skill level 1 in Axes
  1600 | D:3      | Reached XP level 5. HP: 41/46 MP: 5/5
  1826 | D:3      | HP: 2/47 [orc wizard/puff of flame (10)]
  1827 | D:3      | Killed from afar by an orc wizard

Skill      XL: |  1  2  3  4 |
---------------+-------------+-----
Fighting       | 4 |  4.4
Maces & Flails | 3 |  3.7
Armour         | 4 |  4.0
Shields        | 4 |  4.2
Axes           | 1 |  1.1
Throwing       | |  0.1
Dodging        | |  0.8

Action                   |  1- 3 |  4- 6 || total
-------------------------+-------+-------++-------
Melee: Flail             |   148 |    38 ||   186
       Hand axe          |       |    78 ||    78
Throw: Stone             |     5 |     8 ||    13
  Use: Potion            |       |     2 ||     2
  Eat: Chunk             |       |     2 ||     2
       Meat ration       |       |     1 ||     1
       Beef jerky        |       |     1 ||     1
Armor: Scale mail        |    82 |    91 ||   173
Dodge: Dodged            |    60 |    53 ||   113
Block: Shield            |    91 |    69 ||   160
